 Dungeon Sprint DCSS version 0.21-a0-346-g330ab2c (webtiles) character file.

185 Kidiri the Skirmisher (level 5, -3/52 HPs)
             Began as a Draconian Berserker on Oct 5, 2017.
             Was an Elder of Trog.
             Succumbed to an orange demon's poison
             ... in the Dungeon (Sprint III: "The Ten Rune Challenge").
             The game lasted 00:02:13 (367 turns).

Kidiri the Skirmisher (Draconian Berserker)          Turns: 367, Time: 00:02:14

Health: -3/52      AC:  6    Str: 22    XL:     5   Next: 37%
Magic:  5/5        EV: 14    Int:  8    God:    Trog [****..]
Gold:   16         SH:  0    Dex: 10    Spells: 4/4 levels left

rFire    + . .     SeeInvis .   a - +0 mace
rCold    . . .     Gourm    .   (no shield)
rNeg     . . .     Faith    .   (armour unavailable)
rPois    .         Spirit   .   (helmet restricted)
rElec    .         Reflect  .   l - +0 cloak
rCorr    .         Harm     .   (no gloves)
MR       .....     NoTele   +   (no boots)
Stlth    +.........             (no amulet)
HPRegen  0.17/turn              (no ring)
MPRegen  0.09/turn              (no ring)

@: lethally poisoned (-3 -> -36), berserk cooldown, slowed, very slow
A: unfitting armour, horns 1, fire resistance 1, strong 1, cold-blooded, AC +5
a: Berserk, Trog's Hand, Brothers in Arms, Burn Spellbooks, Renounce Religion


You were in the Dungeon.
You worshipped Trog.
Trog was greatly pleased with you.
You were hungry.

You visited 1 branch You collected 16 gold pieces.

Inventory:

Hand Weapons
 a - a +0 mace (weapon)
Armour
 l - a +0 cloak (worn)
Scrolls
 h - 2 scrolls of blinking
 j - 3 scrolls of magic mapping {unknown}
 n - 2 scrolls of holy word
 q - a scroll of immolation
Potions
 c - 3 potions of flight
 e - 2 potions of haste
 f - 2 potions of magic
 g - a potion of berserk rage
 m - 3 potions of mutation
Comestibles
 b - a bread ration
 p - a royal jelly
 r - a fruit


   Skills:
 * Level 7.3 Fighting
 * Level 6.6 Maces & Flails
 + Level 3.6 Throwing
 * Level 6.0 Dodging


You had 4 spell levels left.
You didn't know any spells.

Dungeon Overview and Level Annotations

Branches:
Dungeon (1/1)

Altars:
Kikubaaqudgha
Sif Muna
Vehumet


Innate Abilities, Weirdness & Mutations

Your plain brown scales are hard. (AC +5)
You cannot fit into any form of body armour.
You are cold-blooded and may be slowed by cold attacks.
You have a pair of small horns on your head.
Your flesh is heat resistant. (rF+)
Your muscles are strong. (Str +2)


Message History

You feel very sick.
You feel a strong urge to attack something.
* * * LOW HITPOINT WARNING * * *
You feel sick.
There is an open door, spattered with blood here.
Things that are here:
a dagger; a robe There isn't anything to butcher here.
* * * LOW HITPOINT WARNING * * *
You feel sick.
You feel your anger subside.
You are no longer berserk.
You are exhausted.
You feel yourself slow down.
* * * LOW HITPOINT WARNING * * *
You feel sick.
Things that are here:
a dagger; a robe There isn't anything to butcher here.
Unknown command.
You die...

##.....♣♣ ♣..#
.#....≈.♣♣♣..###+#+###+
.#...≈≈♣.♣♣..#.........
.#..≈≈≈≈♣.♣..'.⌠.......
'#..≈≈≈≈≈≈♣..#...######
)#.≈≈≈≈≈≈....#.⌠.#
.#.≈≈≈≈≈.....#...#
.#.≈≈≈.......#)###
##...........#.)@#
.............#___#
▓▓▓▓▓▓▓▓▓▓▓▓▓▓▓▓▓▓


There were no monsters in sight!

Vanquished Creatures
  A water elemental (D)
  Crazy Yiuf (D)
  A wizard (D)
  Jessica (D)
  A kobold demonologist (D)
  A human (D)
  An ooze (D)
  2 rats (D)
9 creatures vanquished.

Vanquished Creatures (others)
  2 draconian scorchers (D)
  A hydra (D)
  6 hellions (D)
  A yaktaur (D)
  7 plants (D)
17 creatures vanquished.

Grand Total: 26 creatures vanquished

Notes
Turn   | Place    | Note
-------+----------+-------------------------------------------
     0 | D        | Kidiri the Draconian Berserker began the quest for the Orb.
     0 | D        | Reached XP level 1. HP: 19/19 MP: 1/1
    18 | D        | Noticed Jessica
    19 | D        | Reached ** piety under Trog
    31 | D        | Killed Jessica
    31 | D        | Reached skill level 4 in Fighting
    31 | D        | Reached skill level 1 in Throwing
    31 | D        | Reached XP level 2. HP: 19/28 MP: 2/2
    31 | D        | Reached XP level 3. HP: 24/35 MP: 3/3
    80 | D        | Killed a yaktaur
    89 | D        | Killed a hellion
    90 | D        | Killed a hellion
    99 | D        | Killed a hellion
   100 | D        | Killed a hellion
   125 | D        | Killed a hellion
   126 | D        | Killed a hellion
   134 | D        | Noticed Crazy Yiuf
   143 | D        | Killed Crazy Yiuf
   143 | D        | Reached skill level 5 in Fighting
   143 | D        | Reached skill level 5 in Maces & Flails
   165 | D        | Killed a white draconian scorcher
   170 | D        | Gained mutation: Your magical capacity is low. (-10% MP) [potion of mutation]
   170 | D        | Gained mutation: Your flesh is heat resistant. (rF+) [potion of mutation]
   171 | D        | Lost mutation: Your magical capacity is low. (-10% MP) [potion of mutation]
   171 | D        | Gained mutation: Your muscles are strong. (Str +2) [potion of mutation]
   171 | D        | Gained mutation: You have a pair of small horns on your head. [potion of mutation]
   212 | D        | Killed a white draconian scorcher
   244 | D        | Reached *** piety under Trog
   244 | D        | Reached XP level 4. HP: 44/44 MP: 4/4
   308 | D        | Noticed a water elemental
   311 | D        | Killed a water elemental
   311 | D        | Reached skill level 6 in Fighting
   311 | D        | Reached skill level 5 in Dodging
   311 | D        | Reached XP level 5. HP: 51/51 MP: 5/5
   313 | D        | Killed a four-headed hydra
   345 | D        | Found a radiant altar of Vehumet.
   346 | D        | Found a deep blue altar of Sif Muna.
   346 | D        | Found an ancient bone altar of Kikubaaqudgha.
   347 | D        | Reached **** piety under Trog
   347 | D        | Reached skill level 7 in Fighting
   348 | D        | Noticed an orange demon
   366 | D        | HP: 1/52 [poisoned by an orange demon]
   367 | D        | Succumbed to an orange demon's poison

Vault maps used:
D:        dungeon_sprint_mu

Skill      XL: |  1  2  3  4  5 |
---------------+----------------+-----
Dodging        | 4 5 6 |  6.0
Fighting       | 4 5 6 7 |  7.3
Maces & Flails | 4 5 6 |  6.6
Throwing       | 1 2 3 |  3.6

Action                   |  1- 3 |  4- 6 || total
-------------------------+-------+-------++-------
Melee: Mace              |    28 |     9 ||    37
       Tailslap          |     3 |     1 ||     4
       Headbutt          |     1 |     2 ||     3
Invok: Berserk           |     2 |     2 ||     4
       Burn Spellbooks   |       |     1 ||     1
  Use: Potion            |     3 |     1 ||     4
       Scroll            |     2 |       ||     2
  Eat: Chunk             |       |     1 ||     1
Armor: Skin              |     4 |     5 ||     9
Dodge: Dodged            |    10 |    11 ||    21

Table legend:
 A = Spawn XP
 B = Non-spawn XP
 C = Spawn XP percentage of total XP
 D = Spawn monster count
 E = Non-spawn monster count
 F = Spawn count percentage of total count
 G = Total turns spent on level
                    A         B        C        D         E        F      G
               +---------+---------+-------+---------+---------+-------+---------
         Total |       0 |     265 |   0.0 |       0 |       9 |   0.0 |   367
               +---------+---------+-------+---------+---------+-------+---------
             D |       0 |     265 |   0.0 |       0 |       9 |   0.0 |   367
               +---------+---------+-------+---------+---------+-------+---------
